 Dungeon Crawl Stone Soup version 0.27.0-1-g7a089689b8 (webtiles) character file.

Game seed: 1125022626162870482

2380 Amplified the Fighter (level 9, 0/82 HPs)
             Began as a Minotaur Fighter on Aug 4, 2021.
             Was a Priest of Sif Muna.
             Slain by an unseen horror (8 damage)
             ... on level 7 of the Dungeon.
             The game lasted 00:08:51 (7226 turns).

Amplified the Fighter (Minotaur Fighter)            Turns: 7226, Time: 00:08:52

Health: 0/82       AC:  6    Str: 23    XL:     9   Next: 22%
Magic:  11/11      EV:  9    Int: 13    God:    Sif Muna [***...]
Gold:   216        SH: 12    Dex:  9    Spells: 12/13 levels left

rFire    . . .     SeeInvis .   d - +2 war axe (vamp)
rCold    . . .     Faith    .   c - +1 kite shield
rNeg     . . .     Spirit   .   h - +0 ring mail
rPois    .         Reflect  .   (helmet restricted)
rElec    .         Harm     .   (no cloak)
rCorr    .         Rampage  .   (no gloves)
Will     .....                  (no boots)
Stlth    ..........             l - amulet of magic regeneration
HPRegen  0.23/turn              o - +6 ring of intelligence
MPRegen  0.37/turn              (no ring)

@: no status effects
A: horns 2, retaliatory headbutt
a: Renounce Religion, Channel Magic, Forget Spell


You were on level 7 of the Dungeon.
You worshipped Sif Muna.
Sif Muna was most pleased with you.
You visited 1 branch of the dungeon, and saw 8 of its levels.

You collected 216 gold pieces.

Inventory:

Hand Weapons
 a - a +2 war axe of freezing
 d - a +2 vampiric war axe (weapon)
 f - a +0 executioner's axe of electrocution
Missiles
 e - 8 javelins (quivered)
 n - 14 poisoned darts
Armour
 b - a +0 scale mail
 c - a +1 kite shield (worn)
 h - a +0 ring mail (worn)
 p - a +2 cloak of poison resistance
Jewellery
 l - an amulet of magic regeneration (around neck)
 o - a +6 ring of intelligence (left hand)
Wands
 m - a wand of polymorph (12)
Scrolls
 g - a scroll of fog
 i - 3 scrolls of amnesia
 j - 2 scrolls of noise
Potions
 q - a potion of attraction
 s - a potion of haste
 t - 2 potions of magic


   Skills:
 * Level 8.5 Fighting
 * Level 7.9 Axes
 + Level 6.3 Armour
 - Level 8.2 Shields
 + Level 2.5 Spellcasting


You had 12 spell levels left.
You knew the following spells:

 Your Spells              Type           Power      Damage    Failure   Level
a - Apportation           Tloc           2%         N/A       65%         1

Your spell library contained the following spells:

 Spells                   Type           Power      Damage    Failure   Level
 Animate Skeleton         Necr           2%         N/A       65%         1
 Corona                   Hex            1%         N/A       65%         1
 Summon Small Mammal      Summ           4%         N/A       65%         1
 Conjure Ball Lightning   Conj/Air       0%         3x3d6     100%        6
 Discord                  Hex            0%         N/A       100%        8
 Disjunction              Tloc           0%         N/A       100%        8


Dungeon Overview and Level Annotations

Branches:
Dungeon (8/15)             Temple (0/1) D:6
   Lair: D:8-11

Altars:
Ashenzari
Dithmenos
Hepliaklqana
Kikubaaqudgha
Sif Muna
Uskayaw
Vehumet
Wu Jian
Xom
Yredelemnul

Shops:
D:1 =


Innate Abilities, Weirdness & Mutations

You have a pair of horns on your head.
You reflexively headbutt those who attack you in melee.


Message History

You slash something!
You feel better. Something hits you! Something hits you but does no damage.
It was a potion of haste.
You feel yourself speed up. Something hits you!
* * * LOW HITPOINT WARNING * * *
Unknown command.
Okay, then.
Okay, then.
Okay, then.
Something hits you!
* * * LOW HITPOINT WARNING * * *
It was a potion of cancellation.
Your magical effects are unravelling.
You feel magically purged.
You feel yourself slow down.
It was a potion of ambrosia.
You are confused.
You feel invigorated. Something hits you but does no damage.
You bump into the rock wall.
Something hits you!
* * * LOW HITPOINT WARNING * * *
Unknown command.
Okay, then.
You are too confused!
Unknown command.
You are too confused!
Unknown command.
Okay, then.
Okay, then.
Okay, then.
You feel less invigorated.
You feel less confused. Something hits you but does no damage.
Something hits you!
* * * LOW HITPOINT WARNING * * *
Unknown command.
There is an open door here.
Unknown command.
You block something's attack.
Something is blocking the doorway!
Something hits you but does no damage. Something hits you!
You die...

#..#.....# #.... #.....<#.# #....
##.....#.# ###.... ######.#.#.#
#...... >†.......... .(.....
[###....##.###### #.#.... .#
#....+.......# #.##+##
.###....##.....{##### #####.##...
...+............@.♣.♣♣♣..........
#### ..........#.....♣♣###'###.#
...$######♣♣.♣.♣..♣........ .
#.♣.♣♣.♣♣.♣........
#♣.♣♣....♣.......#.
♣♣.♣._.♣..♣.....#.
♣.♣♣...♣♣.♣.....##
♣♣..♣♣♣♣.♣♣.....##
♣..♣....♣......##


There were no monsters in sight!

Vanquished Creatures
  Maurice (D:8)
  A sky beast (D:8)
  An orc warrior (D:8)
  An ice beast (D:6)
  A necrophage (D:7)
  A centaur (D:8)
  A phantom (D:7)
  A kobold brigand (D:8)
  A bullfrog (D:8)
  A wyvern zombie (D:5)
  3 scorpions
  2 water moccasin zombies (D:5)
  3 water moccasin skeletons
  4 wights (D:7)
  2 howler monkeys
  A bullfrog zombie (D:7)
  2 centaur zombies
  An orc priest (D:8)
  A hound (D:4)
  2 bullfrog skeletons
  3 iguanas
  2 orc wizards
  2 killer bee zombies (D:7)
  Robin (D:2)
  3 howler monkey zombies (D:7)
  5 adders
  8 gnolls (D:4)
  3 white imps
  2 ufetubi (D:5)
  An adder zombie (D:5)
  2 adder skeletons (D:4)
  A worm (D:4)
  2 dart slugs (D:1)
  20 orcs
  4 endoplasms
  3 giant cockroaches
  6 hobgoblins
  7 jackals
  3 quokkas
  5 ball pythons
  5 bats
  3 frilled lizards
  11 goblins
  7 kobolds
  9 rats
149 creatures vanquished.

Vanquished Creatures (others)
  4 toadstools (D:1)
4 creatures vanquished.

Grand Total: 153 creatures vanquished

Notes
Turn   | Place    | Note
-------+----------+-------------------------------------------
     0 | D:1      | Amplified the Minotaur Fighter began the quest for the Orb.
     0 | D:1      | Reached XP level 1. HP: 19/19 MP: 0/0
    93 | D:1      | Found Logument's Jewellery Emporium.
   200 | D:1      | Reached XP level 2. HP: 27/27 MP: 1/1
   734 | D:2      | Reached XP level 3. HP: 28/33 MP: 2/2
   779 | D:2      | Noticed Robin
   800 | D:2      | Killed Robin
  1036 | D:2      | Reached XP level 4. HP: 39/41 MP: 3/3
  1318 | D:2      | Found a faded altar of an unknown god.
  1329 | D:2      | Became a worshipper of Sif Muna the Loreminder
  1329 | D:2      | Reached * piety under Sif Muna
  1693 | D:3      | HP: 3/61 [orc (6)]
  2175 | D:3      | Found a radiant altar of Vehumet.
  2353 | D:3      | Reached XP level 5. HP: 39/47 MP: 4/4
  2467 | D:3      | Reached skill level 5 in Fighting
  2596 | D:4      | Reached skill level 5 in Shields
  2765 | D:4      | Reached ** piety under Sif Muna
  2816 | D:4      | Reached XP level 6. HP: 53/56 MP: 5/5
  3180 | D:4      | Found a shimmering altar of Xom.
  3303 | D:4      | Found a shadowy altar of Dithmenos.
  3598 | D:4      | Found a hazy altar of Hepliaklqana.
  3939 | D:5      | Entered Level 5 of the Dungeon
  3964 | D:5      | Noticed a water moccasin
  4268 | D:5      | Reached skill level 5 in Axes
  4268 | D:5      | Reached skill level 1 in Spellcasting
  4268 | D:5      | Reached XP level 7. HP: 52/62 MP: 7/7
  4542 | D:5      | Reached skill level 5 in Armour
  4683 | D:5      | Found an ancient bone altar of Kikubaaqudgha.
  5134 | D:6      | Found a staircase to the Ecumenical Temple.
  5184 | D:6      | Learned a level 1 spell: Apportation
  5244 | D:6      | Found a broken altar of Ashenzari.
  5283 | D:6      | Found an ornate altar of the Wu Jian Council.
  5363 | D:6      | Reached XP level 8. HP: 50/71 MP: 9/9
  6071 | D:8      | Found a hide-covered altar of Uskayaw.
  6421 | D:8      | Reached *** piety under Sif Muna
  6444 | D:8      | Noticed Maurice
  6459 | D:8      | Killed Maurice
  6572 | D:7      | Reached XP level 9. HP: 81/81 MP: 11/11
  6913 | D:7      | Found a basalt altar of Yredelemnul.
  7226 | D:7      | Slain by an unseen horror

Illustrated notes

Levels and vault maps discovered:
D:1:      ldierk_water_garden, layout_loops_ring, serial_shops, shop,
          minmay_stone_trees_small
D:2:      layout_loops_ring, shapermc_ecumenical_altar_mp_highgroup, uniq_robin
D:3:      layout_rooms, vehumet_crystals, kennysheep_generic_room_14
D:4:      layout_loops_ring, worldfamousw_hep_ancestral_shrine,
          mainiacjoe_overflow_alcove_4, lemuel_round_altar,
          lightli_corner_chamber
D:5:      layout_cave_pods, mainiacjoe_overflow_24_doors
D:6:      layout_rooms, mainiacjoe_overflow_catwalk_spiral,
          cheibrodos_ashenzari_chains, minmay_temple_entry_statues_fountains,
          columned_hall_lemuel, minmay_ogre_servants, uniq_prince_ribbit1
D:7:      layout_basic, nicolae_yredelemnul_corpse_copse
D:8:      layout_basic, mainiacjoe_overflow_surrounded_room,
          serial_corexii_hall, corexii_hall_statues_l,
          chequers_hall_statues_wall_a, corexii_hall_statues_x,
          corexii_hall_statues_i, uniq_maurice

Skill      XL: |  1  2  3  4  5  6  7  8 |
---------------+-------------------------+-----
Fighting       | 4 5 6 8 |  8.5
Shields        | 4 5 6 8 |  8.2
Axes           | 3 4 5 6 7 |  7.9
Armour         | 4 5 6 |  6.3
Spellcasting   | 1 2 |  2.5

Action                   |  1- 3 |  4- 6 |  7- 9 || total
-------------------------+-------+-------+-------++-------
Melee: War axe           |    50 |   185 |   170 ||   405
       Headbutt          |     8 |    22 |    33 ||    63
       Unarmed           |       |       |     7 ||     7
Throw: Throwing net      |       |     2 |     4 ||     6
       Javelin           |       |     2 |       ||     2
  Use: Scroll            |     1 |     9 |     8 ||    18
       Potion            |     1 |     4 |     6 ||    11
 Stab: Held in net/web   |       |     1 |       ||     1
Armor: Scale mail        |     2 |       |       ||     2
       Ring mail         |    22 |    56 |    61 ||   139
       Skin              |       |    17 |       ||    17
Dodge: Dodged            |    16 |    50 |    58 ||   124
Block: Kite shield       |    36 |   120 |   120 ||   276
